 Dungeon Sprint DCSS version 0.19.0-2-gae57169 (webtiles) character file.

185 poirepourri the Fighter (level 5, -11/79 HPs)
             Began as a Draconian Chaos Knight on Nov 3, 2016.
             Mangled by a small abomination (17 damage)
             ... summoned by Xom
             ... in the Dungeon (Sprint VII: "The Pits").
             The game lasted 00:00:39 (132 turns).

poirepourri the Fighter (Draconian Chaos Knight)     Turns: 132, Time: 00:00:39

Health: -11/79     AC:  5    Str: 19    XL:     5   Next: 37%
Magic:  5/5        EV: 14    Int: 12    God:    Xom [......]
Gold:   0          SH:  0    Dex: 12    Spells: 0 memorised, 4 levels left

rFire  . . .     SeeInvis .     a - +0 hand axe (chaos)
rCold  . . .     Gourm    .     (armour unavailable)
rNeg   . . .     Faith    .     (no shield)
rPois  .         Spirit   .     (helmet restricted)
rElec  .         Reflect  .     (no cloak)
rCorr  .         Harm     .     (no gloves)
MR     .....     NoTele   +     (no boots)
Stlth  ..........               (no amulet)
                                (no ring)
                                (no ring)

@: berserking, very slightly contaminated, invisible, very quick
A: unfitting armour, cold-blooded, AC +5
a: Renounce Religion


You were in the Dungeon.
You worshipped Xom.
You were a very special plaything of Xom.
You were not hungry.

You visited 1 branch

Inventory:

Hand Weapons
 a - a +0 hand axe of chaos (weapon)
 i - a +2 hand axe
Scrolls
 h - a scroll of blinking
 k - 3 scrolls of remove curse
 l - 5 scrolls of amnesia
 m - a scroll of summoning
Potions
 c - a potion of curing
 e - a potion of haste
 f - 4 potions of magic
 g - 2 potions of berserk rage
 j - a potion of invisibility
Comestibles
 b - 8 bread rations
 n - 40 fruits
 o - 7 meat rations


   Skills:
 + Level 8.2 Fighting
 + Level 7.9 Axes
 + Level 4.8 Dodging


You had 4 spell levels left.
You didn't know any spells.

Dungeon Overview and Level Annotations

Branches:
Dungeon (1/1)

Altars:
Ashenzari
Cheibriados
Dithmenos
Elyvilon
Fedhas
Gozag
Hepliaklqana
Kikubaaqudgha
Makhleb
Nemelex Xobeh
Okawaru
Qazlal
Ru
Sif Muna
Trog
Uskayaw
Vehumet
Xom
Yredelemnul
Zin
The Shining One
Beogh
Jiyva
Lugonu


Innate Abilities, Weirdness & Mutations

Your plain brown scales are hard. (AC +5)
You cannot fit into any form of body armour.
You are cold-blooded and may be slowed by cold attacks.


Message History

The small abomination flickers and vanishes!
Deactivating autopickup; reactivate with Ctrl-A.
The crimson imp barely misses you.
You barely miss the crimson imp.
The crimson imp is moderately wounded.
You closely miss something. Something hits you.
* * * LOW HITPOINT WARNING * * *
The crimson imp barely misses you.
Unknown command.
You feel much better. Something hits you. The crimson imp barely misses you.
You fade into invisibility!
Something hits you!!
* * * LOW HITPOINT WARNING * * *
The crimson imp closely misses you.
You are very lightly contaminated with residual magic.
Unknown command.
A red film seems to cover your vision as you go berserk!
You feel yourself moving faster!
You feel mighty! Something hits you!
You die...
Xom titters!

#...........'.....
#'#####+#####.....
#.# #..... #.#
####'# #.# #.....
#W# #..... #x#
#..... #{# #...<.
#@# #..... #5#
#..... #'## #.....
#..# ######
#.......#
##.#.#.## .....
.#.#.# ......#


You could see a phantom, a small abomination and a crimson imp.

Vanquished Creatures
  A floating eye (D)
  A sky beast (D)
2 creatures vanquished.

Notes
Turn   | Place    | Note
-------+----------+-------------------------------------------
     0 | D        | poirepourri the Draconian Chaos Knight began the quest for the Orb.
     0 | D        | Reached XP level 1. HP: 19/19 MP: 1/1
     9 | D        | Noticed a floating eye
    10 | D        | Paralysed by a floating eye for 2 turns
    14 | D        | Paralysed by a floating eye for 4 turns
    18 | D        | Killed a floating eye
    18 | D        | Reached skill level 6 in Fighting
    18 | D        | Reached XP level 2. HP: 31/31 MP: 2/2
    18 | D        | Reached XP level 3. HP: 38/38 MP: 3/3
    18 | D        | Reached XP level 4. HP: 45/45 MP: 4/4
    22 | D        | XOM: harmless Necr miscast
    35 | D        | Found a radiant altar of Vehumet.
    35 | D        | Found a hide-covered altar of Uskayaw.
    35 | D        | Found an ancient bone altar of Kikubaaqudgha.
    35 | D        | Found a viscous altar of Jiyva.
    35 | D        | Found a hazy altar of Hepliaklqana.
    36 | D        | Found a bloodstained altar of Trog.
    36 | D        | Found a deep blue altar of Sif Muna.
    36 | D        | Found a sacrificial altar of Ru.
    36 | D        | Found a stormy altar of Qazlal.
    36 | D        | Found an iron altar of Okawaru.
    36 | D        | Found a sparkling altar of Nemelex Xobeh.
    36 | D        | Found an opulent altar of Gozag.
    36 | D        | Found a blossoming altar of Fedhas.
    36 | D        | Found a white marble altar of Elyvilon.
    36 | D        | Found a shadowy altar of Dithmenos.
    36 | D        | Found a snail-covered altar of Cheibriados.
    37 | D        | Found a glowing golden altar of the Shining One.
    37 | D        | Found a glowing silver altar of Zin.
    38 | D        | Found a burning altar of Makhleb.
    38 | D        | Found a basalt altar of Yredelemnul.
    38 | D        | Found a roughly hewn altar of Beogh.
    39 | D        | Found a corrupted altar of Lugonu.
    39 | D        | Found a shimmering altar of Xom.
    39 | D        | Found a shattered altar of Ashenzari.
    90 | D        | Noticed a sky beast
    91 | D        | Noticed a phantom
   103 | D        | Killed a sky beast
   103 | D        | Reached skill level 8 in Fighting
   103 | D        | Reached XP level 5. HP: 24/53 MP: 5/5
   109 | D        | XOM: harmless Hex miscast
   117 | D        | XOM: summons 2 hostile demons
   127 | D        | XOM: summons 2 hostile shadow creatures
   132 | D        | Mangled by a small abomination

Skill      XL: |  1  2  3  4 |
---------------+-------------+-----
Fighting       | 6 8 |  8.2
Axes           | 6 7 |  7.9
Dodging        | 4 |  4.8

Action                   |  1- 3 |  4- 6 || total
-------------------------+-------+-------++-------
Melee: Hand axe          |     4 |    23 ||    27
       Tailslap          |       |     4 ||     4
  Use: Potion            |       |     3 ||     3
Armor: Skin              |       |     3 ||     3
Dodge: Dodged            |       |    16 ||    16
